 Dungeon Crawl Stone Soup version 0.18.1-48-g4cf74bf (webtiles) character file.

1056 MovingMist the Ruffian (level 8, -3/79 HPs)
             Began as a Troll Monk on July 28, 2016.
             Was a Believer of Okawaru.
             Slain by a water moccasin (4 damage)
             ... on level 5 of the Dungeon.
             The game lasted 00:15:37 (3268 turns).

MovingMist the Ruffian (Troll Monk)                 Turns: 3268, Time: 00:15:38

Health: -3/79      AC:  6    Str: 21    XL:     8   Next: 6%
Magic:  7/7        EV:  6    Int:  6    God:    Okawaru [**....]
Gold:   165        SH:  0    Dex: 13    Spells: 0 memorised, 7 levels left

rFire  . . .     SeeInvis .       - Unarmed
rCold  . . .     Gourm    +     a - +1 robe
rNeg   . . .     Faith    .     (no shield)
rPois  .         Spirit   .     (helmet restricted)
rElec  .         Dismiss  .     (no cloak)
rCorr  .         Reflect  .     (gloves unavailable)
SustAt .         Harm     .     (boots unavailable)
MR     .....                    (no amulet)
Stlth  +.........               (no ring)
                                n - ring of flight

@: lethally poisoned (-3 -> -15), not resistant to hostile enchantments, very
unstealthy
A: unfitting armour, claws 3, fast metabolism 3, gourmand, regeneration 2,
shaggy fur 1, tough skin 2
a: Heroism, Renounce Religion, Evoke Flight


You were on level 5 of the Dungeon.
You worshipped Okawaru.
Okawaru was pleased with you.
You were completely stuffed.

You visited 2 branches of the dungeon, and saw 6 of its levels.

You collected 165 gold pieces.

Inventory:

Missiles
 o - 7 tomahawks (quivered)
Armour
 a - a +1 robe (worn)
Jewellery
 n - a ring of flight (left claw)
Wands
 p - a wand of polymorph (17/24)
Scrolls
 h - a scroll of amnesia
 k - 2 scrolls of remove curse
 l - a scroll of fear {unknown}
 t - a scroll of identify
Potions
 c - a potion of brilliance
 d - 2 potions of haste
 e - a potion of heal wounds
 f - a potion of lignification
 j - a potion of curing
 m - a potion of resistance
 q - a potion of flight {unknown}
 r - a potion of cancellation {unknown}
Comestibles
 b - 3 bread rations
 g - 3 chunks of flesh
 i - 2 beef jerkies
 s - a slice of pizza


   Skills:
 + Level 4.4 Fighting
 + Level 4.5 Dodging
 - Level 1.1 Stealth
 * Level 7.9 Unarmed Combat


You had 7 spell levels left.
You didn't know any spells.

Dungeon Overview and Level Annotations

Branches:
Dungeon (5/15)             Temple (1/1) D:4

Altars:
Cheibriados
Kikubaaqudgha
Okawaru
Pakellas
Qazlal
Sif Muna
Vehumet

Annotations:
D:5 junkhipster's ghost, novice GrFi


Innate Abilities, Weirdness & Mutations

You are too large for most types of armour.
You have claws for hands.
Your metabolism is lightning-fast.
You like to eat raw meat.
You heal very quickly.
You are covered in fur (AC +1).
You have very tough skin (AC +2).


Message History

The water moccasin barely misses you.
You scratch the orc.
You kill the orc!
Okawaru accepts your kill.
You feel sick. Junkhipster's ghost misses you. The water moccasin bites you.
You are more poisoned.
The water moccasin poisons you!
You scratch junkhipster's ghost.
Junkhipster's ghost is lightly damaged.
You feel very sick. The water moccasin bites you.
* * * LOW HITPOINT WARNING * * *
Junkhipster's ghost hits you!
* * * LOW HITPOINT WARNING * * *
* * * LOW HITPOINT WARNING * * *
You feel sick. The water moccasin barely misses you.
Junkhipster's ghost hits you.
* * * LOW HITPOINT WARNING * * *
The water moccasin bites you.
You die...

.........##
...
#....)...#..#
#...#....#..##
#.............
#...))..>#.##
###.###..# #.
#.###.(#....
#.S......#
##@W.....#
#.).....#
#.......#
#........#
#.......##
#........#
#########.


You could see a water moccasin and junkhipster's ghost.

Vanquished Creatures
  Sigmund (D:4)
  Edmund (D:4)
  A centaur (D:4)
  The ghost of juanjsm the Sneak, an amateur SpEn of Okawaru (D:3)
  A howler monkey (D:4)
  A hound (D:4)
  6 orc priests
  An iguana (D:4)
  7 orc wizards
  A worker ant (D:4)
  4 gnolls
  3 adders (D:3)
  A worm (D:2)
  2 giant geckos
  20 orcs
  A bat zombie (D:3)
  2 giant cockroaches
  10 goblins
  13 hobgoblins
  2 jackals (D:1)
  5 kobolds
  A quokka (D:3)
  6 ball pythons
  6 bats
  4 giant newts
  A quokka zombie (D:3)
  4 rats
106 creatures vanquished.

Vanquished Creatures (others)
  A rat (D:1)
1 creature vanquished.

Grand Total: 107 creatures vanquished

Notes
Turn   | Place    | Note
--------------------------------------------------------------
     0 | D:1      | MovingMist the Troll Monk began the quest for the Orb.
     0 | D:1      | Reached XP level 1. HP: 22/22 MP: 0/0
    87 | D:1      | Reached XP level 2. HP: 27/29 MP: 1/1
   421 | D:1      | Reached XP level 3. HP: 34/36 MP: 2/2
  1844 | D:3      | Reached XP level 4. HP: 44/44 MP: 3/3
  1859 | D:3      | Reached skill level 5 in Unarmed Combat
  1903 | D:3      | Noticed juanjsm's ghost (amateur SpEn)
  1916 | D:3      | Killed juanjsm's ghost
  1916 | D:3      | Reached XP level 5. HP: 47/53 MP: 4/4
  2213 | D:3      | Reached XP level 6. HP: 60/61 MP: 5/5
  2230 | D:3      | Reached skill level 6 in Unarmed Combat
  2279 | D:3      | Found an ancient bone altar of Kikubaaqudgha.
  2551 | D:4      | Found a staircase to the Ecumenical Temple.
  2571 | D:4      | Reached XP level 7. HP: 37/68 MP: 6/6
  2593 | Temple   | Entered the Ecumenical Temple
  2681 | Temple   | Became a worshipper of Warmaster Okawaru
  2681 | Temple   | Reached * piety under Okawaru
  2681 | Temple   | Reached ** piety under Okawaru
  2724 | D:4      | Noticed Edmund
  2751 | D:4      | Killed Edmund
  2751 | D:4      | Reached skill level 7 in Unarmed Combat
  2914 | D:4      | Noticed Sigmund
  2927 | D:4      | Killed Sigmund
  3127 | D:4      | Reached XP level 8. HP: 78/79 MP: 7/7
  3161 | D:5      | Entered Level 5 of the Dungeon
  3165 | D:5      | Noticed junkhipster's ghost (novice GrFi)
  3268 | D:5      | HP: 1/79 [junkhipster's ghost (6)]
  3268 | D:5      | Slain by a water moccasin

Skill      XL: |  1  2  3  4  5  6  7 |
---------------+----------------------+-----
Dodging        | 3 4 |  4.5
Unarmed Combat | 5 6 7 |  7.9
Fighting       | 3 4 |  4.4
Stealth        | |  1.1

Action                   |  1- 3 |  4- 6 |  7- 9 || total
-------------------------+-------+-------+-------++-------
Melee: Unarmed           |   104 |   113 |   103 ||   320
       Punch             |       |     2 |     4 ||     6
Invok: Heroism           |       |       |     1 ||     1
  Use: Scroll            |     6 |       |     5 ||    11
 Stab: Sleeping          |     1 |       |     1 ||     2
  Eat: Chunk             |    22 |     7 |     7 ||    36
Armor: Robe              |    53 |    35 |    43 ||   131
Dodge: Dodged            |    45 |    48 |    64 ||   157
